AoeStats
← unhappy

Nomad

510348883Analyzed
4v4 RM · 2d ago on Sep 30, 2026· 44m 15s· 8 players
Game mode
Random Map
Map size
231×231
Population
200
Speed
Normal
Resources
Standard
Victory
Conquest
Starting age
Dark Age
Ending age
Imperial Age
RankedLock teamsTeams togetherTeam positionsShared explorationLock speedFull tech treeHidden civsTurbo modeCheats
Victory
Defeat
🇹🇼 Danes · Taiwan
1463
+14
🇩🇪 Romans · Germany
1423
+15
🇨🇳 Cumans · China
1420
+16
🇹🇼 Japanese · Taiwan
1369
+18
🇨🇳 Berbers · China
1510
-20
🇨🇳 Muisca · China
1394
-15
🇨🇳 Saxons · China
1392
-15
🇨🇳 Spanish · China
1349
-13
马虎
3:48 Loom
14:02 Feudal Age
18:04 Castle Age
17:00 Horse Collar
18:44 Double-Bit Axe
赤道大变了
5:04 Loom
14:02 Feudal Age
17:51 Castle Age
16:31 Double-Bit Axe
17:13 Fletching
18:03 Crossbowman
19:07 Gold Mining
21:35 Bodkin Arrow
24:47 Padded Archer Armor
26:02 Sanctity
26:24 Wheelbarrow
26:14 Redemption
26:29 Horse Collar
30:13 Leather Archer Armor
32:14 Ballistics
35:48 Imperial Age
35:11 Hand Cart
38:04 Gold Shaft Mining
37:43 Bow Saw
37:52 Bracer
38:30 Champi Runner
39:11 Squires
40:54 Chemistry
41:15 Thumb Ring
42:20 Scale Mail Armor
42:30 Forging
unhappy
5:01 Loom
13:33 Feudal Age
15:10 Double-Bit Axe
17:38 Castle Age
16:00 Fishing Lines
19:08 Medium Warships
19:41 Bow Saw
22:02 Wheelbarrow
22:04 Gold Mining
23:26 Clinker Construction
24:09 Careening
25:14 Horse Collar
27:38 Gillnets
29:00 Stone Mining
29:07 Fletching
30:43 Gold Shaft Mining
30:29 Kasbah
30:27 Bodkin Arrow
31:05 Bloodlines
30:56 Husbandry
31:05 Padded Archer Armor
31:38 Hand Cart
32:07 Thumb Ring
35:00 Imperial Age
33:48 Stone Shaft Mining
33:39 Ballistics
33:26 Thumb Ring
36:16 Conscription
35:57 Maghrebi Camels
35:59 Bracer
37:01 Chemistry
36:35 Leather Archer Armor
37:30 Masonry
37:58 Hoardings
36:56 Cavalier
39:17 Ring Archer Armor
39:37 Light Cavalry
40:24 Scale Barding Armor
40:29 Forging
40:26 Hussar
42:02 Chain Barding Armor
41:40 Heavy Camel Rider
42:39 Maghrebi Camels
45:25 Hoardings
'Rhythm_' = idiot
4:42 Loom
13:43 Feudal Age
14:31 Double-Bit Axe
21:58 Castle Age
20:31 Fletching
22:16 Gold Mining
23:03 Wheelbarrow
24:34 Bow Saw
26:55 Bodkin Arrow
31:03 Horse Collar
32:31 Town Watch
33:57 Hand Cart
33:42 Town Patrol
37:49 Imperial Age
36:37 Gold Shaft Mining
35:52 Stone Mining
35:56 Man-at-Arms
37:22 Guard Tower
37:33 Scale Mail Armor
37:44 Forging
37:37 Long Swordsman
38:02 Gambesons
38:17 Squires
38:04 Arson
38:35 Chain Mail Armor
38:02 Shield Wall
38:34 Two-Handed Swordsman
40:10 Conscription
40:00 Champion
42:17 Plate Mail Armor
42:22 Iron Casting
No_English
5:00 Loom
13:27 Feudal Age
14:51 Wheelbarrow
14:03 Double-Bit Axe
15:22 Gold Mining
15:33 Fletching
21:01 Castle Age
20:44 Horse Collar
22:06 Medium Warships
22:19 Bodkin Arrow
22:45 Bow Saw
24:02 Hand Cart
24:10 Heavy Plow
24:53 Demolition Ship
26:15 Guard Tower
26:27 Town Watch
26:44 Padded Archer Armor
27:27 Stone Mining
28:47 Ballistics
28:24 Murder Holes
28:41 Treadmill Crane
29:30 Scale Mail Armor
31:04 Gold Shaft Mining
36:17 Imperial Age
34:04 Squires
34:25 Forging
34:46 Yasama
35:18 Chain Mail Armor
35:08 Gambesons
37:52 Keep
37:03 Arrowslits
36:41 Elite Samurai
38:13 Plate Mail Armor
39:17 Chemistry
38:54 Iron Casting
39:02 Conscription
40:18 Siege Engineers
39:59 Capped Ram
41:30 Kataparuto
Theverat
4:30 Loom
14:28 Feudal Age
15:48 Town Watch
17:22 Wheelbarrow
17:15 Double-Bit Axe
18:41 Man-at-Arms
19:22 Scale Mail Armor
19:34 Forging
21:51 Padded Archer Armor
26:51 Castle Age
25:58 Fletching
37:09 Chain Mail Armor
37:02 Pikeman
37:44 Squires
43:43 Imperial Age
eddie.wang1217
3:09 Loom
13:05 Feudal Age
17:44 Castle Age
15:42 Fishing Lines
16:11 Double-Bit Axe
16:35 Fletching
17:19 Gold Mining
18:35 Bodkin Arrow
19:02 Bow Saw
22:33 Wheelbarrow
22:27 Gillnets
24:20 Stone Mining
28:45 Town Watch
37:41 Horse Collar
38:26 Heavy Plow
38:57 Scale Mail Armor
41:55 Forging
42:25 Hand Cart
44:44 Imperial Age
43:53 Hand Cart
43:43 Pikeman
44:24 Squires
44:09 Arson
44:10 Gambesons
NorthOrigin
8:41 Loom
8:45 Loom
12:03 Feudal Age
12:32 Double-Bit Axe
15:10 Horse Collar
17:13 Wheelbarrow
22:13 Castle Age
20:07 Fletching
20:19 Gold Mining
20:54 Padded Archer Armor
21:16 Fishing Lines
23:31 Bodkin Arrow
24:26 Gold Shaft Mining
24:44 Bloodlines
25:10 Leather Archer Armor
26:50 Ballistics
30:24 Imperial Age
31:41 Ring Archer Armor
31:40 Conscription
31:52 Thumb Ring
32:14 Parthian Tactics
32:14 Heavy Plow
33:47 Chemistry
36:11 Scale Barding Armor
35:46 Light Cavalry
37:21 Cavalier
38:26 Chain Barding Armor
41:23 Plate Barding Armor
Connection lost

Rejoining the realm…

Still unreachable

The connection could not be restored.

Session expired

The server has moved on; the page needs a fresh start.